 Dungeon Crawl Stone Soup version 0.27-b1-41-gafb5482f4b (webtiles) character file.

Game seed: 5380245813847521240

4804 Urokeeper the Blocker (level 10, 0/63 HPs)
             Began as a Gargoyle Fighter on July 28, 2021.
             Was a Believer of Okawaru.
             Slain by an orc priest (4 damage)
             ... on level 8 of the Dungeon.
             The game lasted 00:49:05 (10144 turns).

Urokeeper the Blocker (Gargoyle Fighter)           Turns: 10144, Time: 00:49:05

Health: 0/63       AC: 24    Str: 26    XL:     10   Next: 48%
Magic:  8/10       EV: 11    Int: 10    God:    Okawaru [**....]
Gold:   538        SH: 14    Dex:  9    Spells: 9/9 levels left

rFire    + + .     SeeInvis .   H - +2 morningstar
rCold    x . .     Faith    .   c - +0 kite shield
rNeg     + . .     Spirit   .   a - +0 chain mail {rPois}
rPois    ∞         Reflect  .   (no helmet)
rElec    +         Harm     .   p - +0 cloak
rCorr    .         Rampage  .   u - +0 pair of gloves
Will     +....                  K - +0 pair of boots
Stlth    ..........             (no amulet)
HPRegen  0.20/turn              r - ring of fire
MPRegen  0.12/turn              w - ring "Xaokheun" {*Corrode rElec rF+ Will+ Str+4}

@: heroic
A: sickness immunity, AC +7, negative energy resistance 1, electricity
resistance, torment resistance 1, petrification resistance
a: Renounce Religion, Heroism


You were on level 8 of the Dungeon.
You worshipped Okawaru.
Okawaru was pleased with you.
You visited 2 branches of the dungeon, and saw 9 of its levels.
You also visited: Sewer.

You collected 538 gold pieces.

Inventory:

Hand Weapons
 d - a +1 flail of holy wrath
 k - a +2 dagger of venom
 F - a +2 whip of venom
 G - a +5 falchion of freezing
 H - a +2 morningstar (weapon)
Missiles
 m - 78 poisoned darts (quivered)
 A - 2 throwing nets
 J - a curare-tipped dart
 L - 2 atropa-tipped darts
Armour
 a - a +0 chain mail of poison resistance (worn)
 c - a +0 kite shield (worn)
 p - a +0 cloak (worn)
 q - +0 swamp dragon scales
 u - a +0 pair of gloves (worn)
 K - a +0 pair of boots (worn)
Jewellery
 r - a ring of fire (left hand)
 w - the ring "Xaokheun" (right hand) {*Corrode rElec rF+ Will+ Str+4}
   (You found it in a sewer)

   [ring of willpower]

   Str:       It affects your strength (+4).
   rF:        It protects you from fire.
   rElec:     It insulates you from electricity.
   *Corrode:  It may corrode you when you take damage.
   Will:      It increases your willpower.
Scrolls
 b - 3 scrolls of immolation
 e - a scroll of blinking
 i - a scroll of silence
 l - a scroll of vulnerability {unknown}
 o - 3 scrolls of noise
 v - a scroll of summoning {unknown}
 x - a scroll of fog {unknown}
 y - a scroll of magic mapping {unknown}
 z - 2 scrolls of teleportation {unknown}
 E - 2 scrolls of identify
 I - a scroll of enchant weapon {unknown}
Potions
 f - a potion of cancellation {unknown}
 g - 4 potions of attraction {unknown}
 h - a potion of degeneration {unknown}
 j - 3 potions of curing
 n - 3 potions of magic {unknown}
 s - 2 potions of heal wounds {unknown}
 t - 2 potions of brilliance {unknown}
 B - a potion of flight {unknown}
 C - a potion of haste {unknown}
 D - 3 potions of lignification {unknown}


   Skills:
 + Level 7.1(12.1) Fighting
 + Level 2.1(7.1) Short Blades
 + Level 7.9(12.9) Maces & Flails
 + Level 2.4(7.4) Throwing
 + Level 7.9(12.9) Armour
 + Level 3.1(8.1) Dodging
 + Level 1.4(6.4) Stealth
 + Level 9.0(14.0) Shields
 + Level 0.1 Invocations


You had 9 spell levels left.
You didn't know any spells.
Your spell library contained the following spells:

 Spells                   Type           Power      Damage    Failure   Level
 Animate Skeleton         Necr           0%         N/A       87%         1
 Foxfire                  Conj/Fire      0%         2x1d4     87%         1
 Pain                     Necr           0%         1d4       87%         1
 Conjure Flame            Conj/Fire      0%         6-21      99%         3
 Ignite Poison            Fire/Tmut/Pois 0%         N/A       99%         3
 Inner Flame              Hex/Fire       0%         N/A       99%         3
 Mephitic Cloud           Conj/Pois/Air  0%         N/A       99%         3
 Vampiric Draining        Necr           0%         2d6       99%         3
 Bolt of Magma            Conj/Fire/Erth 0%         4d4       100%        5
 Fireball                 Conj/Fire      0%         3d3       100%        5
 Fire Storm               Conj/Fire      0%         5d1       100%        9


Dungeon Overview and Level Annotations

Branches:
Dungeon (8/15)             Temple (1/1) D:6           Sewer (visited)
   Lair: D:8-11

Altars:
Cheibriados
Dithmenos
Fedhas
Gozag
Hepliaklqana
Makhleb
Nemelex Xobeh
Okawaru
Ru
Sif Muna
Trog
Uskayaw
Vehumet
Wu Jian
Xom
Yredelemnul
Zin


Innate Abilities, Weirdness & Mutations

You are immune to sickness and miasma.
Your stone body is resilient. (AC +7)
You are immune to poison.
You resist negative energy. (rN+)
You are resistant to electric shocks. (rElec)
You are resistant to unholy torment.
You are immune to petrification.


Message History

An orc comes into view. It is wielding a +0 club.
You block the orc's attack. The orc priest completely misses you.
Your Shields skill increases to level 9!
You hit the orc priest.
The orc priest is lightly wounded.
You block the orc's attack. The orc priest closely misses you.
You bludgeon the orc!!
You kill the orc!
Okawaru accepts your kill.
The orc priest calls down the wrath of Beogh upon you.
Beogh smites you!
You completely miss the orc. You block the orc's attack.
You closely miss the orc. The orc hits you but does no damage.
The orc barely misses you.
You sock the orc!
You kill the orc!
Okawaru accepts your kill.
The orc priest mumbles some strange prayers to Beogh against you.
Beogh smites you!
You gain the combat prowess of a mighty hero.
The orc priest hits you but does no damage.
You hit the orc priest.
The orc priest is lightly wounded.
The orc priest mumbles some strange prayers to Beogh against you.
Beogh smites you!
* * * LOW HITPOINT WARNING * * *
You hit the orc priest.
The orc priest is moderately wounded.
You block the orc priest's attack.
You thump the orc priest!
The orc priest is almost dead.
You barely miss the orc priest.
The orc priest is almost dead.
The orc priest calls down the wrath of Beogh upon you.
Beogh smites you!
* * * LOW HITPOINT WARNING * * *
You closely miss the orc priest.
The orc priest is almost dead.
The orc priest hits you with a +0 dagger.
You die...

#.......# #.#
#.#......
#.......# #.# ##
#.#.##.##
###############.#
.###.#.##.#
................#
..#...#.##.#
##############.##
. #........# #.#
.# #####.##.# #.#
#.# #.##.#
#.###o.# #.##.#
#..@oo# #.#####
####### #......
#######


You could see an orc priest and 2 orcs.

Vanquished Creatures
  A manticore (D:8)
  A gargoyle (D:8)
  Maggie (D:7)
  A vampire (D:8)
  A steam dragon (D:6)
  Edmund (D:5)
  3 water moccasins
  Purgy (Sewer)
  An orc warrior (D:6)
  2 black bears
  3 sky beasts
  3 ogres
  A necrophage (D:7)
  2 centaurs (D:6)
  2 phantoms
  2 bullfrogs
  2 kobold brigands (D:8)
  A wyvern zombie (D:8)
  A scorpion (D:4)
  A wyvern skeleton (D:6)
  10 wights
  A howler monkey (D:5)
  3 electric eels (D:6)
  2 centaur zombies (D:8)
  6 hounds
  2 gnoll shamans
  2 orc priests (D:6)
  A jelly (D:8)
  A bullfrog skeleton (D:6)
  4 iguanas
  7 orc wizards
  A hound skeleton (D:5)
  3 gnolls (D:7)
  A river rat (D:3)
  7 adders
  2 shadow imps
  2 white imps
  3 ufetubi
  2 worms
  3 dart slugs
  24 orcs
  7 bats
  5 endoplasms
  2 giant cockroaches (D:1)
  3 goblins
  4 hobgoblins
  3 jackals (D:4)
  4 kobolds
  4 quokkas
  12 ball pythons
  2 frilled lizards
  4 rats
168 creatures vanquished.

Vanquished Creatures (others)
  2 orcs (D:6)
  13 plants (D:6)
15 creatures vanquished.

Grand Total: 183 creatures vanquished

Notes
Turn   | Place    | Note
-------+----------+-------------------------------------------
     0 | D:1      | Urokeeper the Gargoyle Fighter began the quest for the Orb.
     0 | D:1      | Reached XP level 1. HP: 14/14 MP: 1/1
   167 | D:1      | Reached XP level 2. HP: 17/19 MP: 2/2
   550 | D:1      | Found a faded altar of an unknown god.
   622 | D:1      | Reached XP level 3. HP: 19/23 MP: 3/3
  2100 | D:3      | Found an opulent altar of Gozag.
  2347 | D:3      | Reached XP level 4. HP: 20/28 MP: 4/4
  2494 | D:3      | Reached skill level 1 in Short Blades
  2500 | D:3      | Found a glowing drain.
  2515 | D:3      | Reached skill level 4 in Shields
  2526 | Sewer    | Entered a sewer
  2572 | Sewer    | Noticed Purgy
  2594 | Sewer    | Killed Purgy
  2595 | Sewer    | Reached skill level 1 in Throwing
  2595 | Sewer    | Reached XP level 5. HP: 18/32 MP: 5/5
  2750 | Sewer    | Identified the ring "Xaokheun" {*Corrode rElec rF+ Will+
                  | Str+4}
  3136 | D:4      | Reached XP level 6. HP: 33/38 MP: 6/6
  3177 | D:4      | Reached skill level 1 in Dodging
  3312 | D:4      | Found a snail-covered altar of Cheibriados.
  3523 | D:4      | Reached skill level 5 in Shields
  3629 | D:4      | Reached XP level 7. HP: 42/42 MP: 7/7
  4134 | D:5      | Entered Level 5 of the Dungeon
  4176 | D:5      | Noticed Edmund
  4178 | D:5      | Reached skill level 5 in Armour
  4178 | D:5      | Reached skill level 6 in Shields
  4217 | D:5      | Killed Edmund
  4218 | D:5      | Reached XP level 8. HP: 14/48 MP: 8/8
  4241 | D:5      | HP: 1/48 [iguana (8)]
  5512 | D:6      | Reached skill level 5 in Maces & Flails
  5650 | D:6      | Reached skill level 7 in Shields
  5882 | D:6      | Reached XP level 9. HP: 49/53 MP: 9/9
  6213 | D:6      | Reached skill level 5 in Fighting
  6250 | D:6      | Found a staircase to the Ecumenical Temple.
  6281 | Temple   | Entered the Ecumenical Temple
  6749 | Temple   | Became a worshipper of Warmaster Okawaru
  6905 | D:6      | Reached skill level 1 in Stealth
  6937 | D:6      | Reached skill level 8 in Shields
  7675 | D:7      | Got Sif Muna's Catalogue of Fire
  7707 | D:7      | Reached * piety under Okawaru
  7720 | D:7      | Found a shimmering blue altar of Sif Muna.
  7967 | D:7      | Noticed Maggie
  7984 | D:7      | Killed Maggie
  8662 | D:8      | Reached XP level 10. HP: 38/60 MP: 10/10
  9160 | D:8      | Noticed a gargoyle
  9192 | D:8      | Killed a gargoyle
  9401 | D:8      | Reached ** piety under Okawaru
  9673 | D:8      | Found a radiant altar of Vehumet.
  9824 | D:8      | Found a sparkling altar of Nemelex Xobeh.
 10126 | D:8      | Noticed a manticore
 10132 | D:8      | Killed a manticore
 10133 | D:8      | Reached skill level 9 in Shields
 10144 | D:8      | Slain by an orc priest

Illustrated notes

Levels and vault maps discovered:
D:1:      dpeg_arrival_tiny_h, layout_loops_ring,
          chequers_ecumenical_altar_simple_redux, minmay_door_square
D:2:      layout_basic
D:3:      layout_basic, mainiacjoe_overflow_boulevard,
          cheibrodos_sewer_entry_sluice, minmay_starry_boxes
D:4:      layout_basic, kennysheep_slug_shrine
D:5:      layout_loops_ring, lightli_ossuary_entry_decrepit_ruins, uniq_edmund
D:6:      black_bear_nest_1, layout_gridville, minmay_temple_entry_purple_smoke,
          grunt_ministairs_11, minivault_19, serial_bayou_lagoon_b
D:7:      layout_basic, nicolae_sif_muna_little_library,
          minmay_misc_feat_diagonals, uniq_maggie
D:8:      layout_basic, mainiacjoe_overflow_concentric_impassable,
          nemelex_spade_bored_becter, mainiacjoe_overflow_alcove_2, minmay_puff
Temple:   hc_temple_tempest_star

Skill      XL: |  1  2  3  4  5  6  7  8  9 10 |
---------------+-------------------------------+-----
Short Blades   | 1 2 |  2.1
Shields        | 4 5 6 7 8 9 |  9.0
Throwing       | 1 2 |  2.4
Armour         | 4 5 6 7 |  7.9
Dodging        | 1 2 3 |  3.1
Maces & Flails | 3 4 5 7 |  7.9
Fighting       | 4 6 7 |  7.1
Stealth        | 1 |  1.4
Invocations    | |  0.1

Action                   |  1- 3 |  4- 6 |  7- 9 | 10-12 || total
-------------------------+-------+-------+-------+-------++-------
Melee: Flail             |    34 |    95 |   237 |    21 ||   387
       Whip              |   118 |       |   176 |       ||   294
       Dagger            |    16 |    44 |       |       ||    60
       Morningstar       |       |       |       |    88 ||    88
Throw: Dart              |    12 |     5 |    26 |       ||    43
       Boomerang         |       |       |     8 |       ||     8
Invok: Heroism           |       |       |       |     3 ||     3
  Use: Scroll            |       |     1 |     3 |       ||     4
       Potion            |       |     1 |     6 |       ||     7
Armor: Scale mail        |   105 |   112 |    72 |       ||   289
       Chain mail        |       |       |   156 |    58 ||   214
Dodge: Dodged            |    63 |    62 |   134 |    38 ||   297
Block: Kite shield       |   102 |   103 |   273 |    65 ||   543
